General information
- name: BNet
- type: Ladder team game (AT/RT)
- host: Battle.net
- saver: brucewillisusa
map: MarketSquare
- players: 8
- length: 41:45
- speed: Fast
- version: 1.24 W3XP
- replay type: Public
» download(181 KB)
Players
team 1 (winner)
cameronreese (
orange | 14 APM | 424 actions | 29:32)
2 Priestess of the Moon
1 Searing Arrows
1 Trueshot Aura
1 Blood Mage
1 Flame Strike
1 Warden
1 Shadow Strike
» actions
| Basic commands | 7 | |
| Build / train | 47 | |
| ESC pressed | 1 | |
| Enter build submenu | 40 | |
| Enter hero's abilities submenu | 4 | |
| Remove unit from queue | 3 | |
| Right click | 114 | |
| Select / deselect | 177 | |
| Use ability | 31 | |
424 total
» units
| Wisp | 11 | |
| Archer | 6 | |
| Huntress | 5 | |
| Glaive Thrower | 3 | |
| Hippogryph | 3 | |
| Peasant | 2 | |
| Mountain Giant | 3 | |
| Druid of the Talon | 2 | |
35 total
» buildings
| Moon Well | 10 | |
| Ancient of War | 1 | |
| Hunter's Hall | 1 | |
| Altar of Elders | 1 | |
| Ancient Protector | 2 | |
| Tree of Ages | 1 | |
| Ancient of Wind | 1 | |
| Ancient of Lore | 1 | |
| Ancient of Wonders | 6 | |
| Tree of Eternity | 1 | |
25 total
» build order
00:07 Moon Well
00:37 Ancient of War
02:45 Moon Well
03:00 Hunter's Hall
03:57 Altar of Elders
05:07 Ancient Protector
06:05 Ancient Protector
08:51 Tree of Ages
08:58 Moon Well
09:02 Moon Well
12:41 Ancient of Wind
13:49 Ancient of Lore
14:36 Moon Well
15:03 Moon Well
15:43 Ancient of Wonders
16:26 Ancient of Wonders
16:37 Ancient of Wonders
16:48 Ancient of Wonders
17:34 Ancient of Wonders
20:45 Ancient of Wonders
22:36 Tree of Eternity
23:57 Moon Well
25:55 Moon Well
26:29 Moon Well
26:33 Moon Well
iamkirra (
purple | 45 APM | 797 actions | 17:38)
3 Paladin
2 Holy Light
1 Devotion Aura
2 Mountain King
1 Storm Bolt
1 Thunder Clap
» actions
| Assign group hotkey | 10 | |
| Build / train | 70 | |
| Enter build submenu | 19 | |
| Enter hero's abilities submenu | 5 | |
| Remove unit from queue | 1 | |
| Right click | 401 | |
| Select / deselect | 249 | |
| Select group hotkey | 14 | |
| Use ability | 28 | |
797 total
» units
| Peasant | 10 | |
| Footman | 2 | |
| Rifleman | 4 | |
| Flying Machine | 27 | |
43 total
» upgrades
| Masonry | 1 | |
| Long Rifles | 1 | |
| Flying Machine Bombs | 1 | |
| Lumber Harvesting | 2 | |
| Plating | 1 | |
| Flak Cannons | 1 | |
7 total
» buildings
| Altar of Kings | 1 | |
| Farm | 7 | |
| Barracks | 1 | |
| Lumber Mill | 1 | |
| Arcane Vault | 1 | |
| Blacksmith | 1 | |
| Keep | 1 | |
| Workshop | 2 | |
| Castle | 1 | |
16 total
» build order
00:09 Altar of Kings
00:16 Farm
00:23 Barracks
00:54 Lumber Mill
01:03 Farm
01:42 Arcane Vault
02:21 Blacksmith
03:53 Keep
04:35 Farm
04:36 Farm
06:33 Workshop
07:13 Farm
07:14 Farm
07:55 Castle
08:42 Farm
10:00 Workshop
» items
| Scroll of Regeneration | 4 | |
| Lesser Clarity Potion | 1 | |
| Scroll of Town Portal | 2 | |
| Potion of Healing | 3 | |
10 total

»
brucewillisusa (
red | 61 APM | 2528 actions | 41:45)
7 Death Knight
2 Unholy Aura
3 Death Coil
1 Animate Dead
1 Death Pact
3 Mountain King
2 Storm Bolt
1 Bash
6 Lich
3 Frost Nova
2 Dark Ritual
1 Death and Decay
3 Priestess of the Moon
1 Trueshot Aura
1 Searing Arrows
1 Starfall
1 Warden
1 Blink
» actions
| Assign group hotkey | 107 | |
| Basic commands | 123 | |
| Build / train | 158 | |
| ESC pressed | 11 | |
| Enter build submenu | 46 | |
| Enter hero's abilities submenu | 21 | |
| Remove unit from queue | 1 | |
| Right click | 775 | |
| Select / deselect | 592 | |
| Select group hotkey | 545 | |
| Use ability | 149 | |
2528 total
» units
| Acolyte | 30 | |
| Ghoul | 11 | |
| Crypt Fiend | 16 | |
| Mortar Team | 9 | |
| Peasant | 7 | |
| Knight | 6 | |
| Frost Wyrm | 7 | |
| Obsidian Statue | 2 | |
| Druid of the Talon | 7 | |
| Dryad | 5 | |
| Chimaera | 5 | |
105 total
» upgrades
| Web | 1 | |
| Fragmentation Shards | 1 | |
| Creature Attack | 3 | |
| Creature Carapace | 3 | |
| Abolish Magic | 1 | |
| Corrosive Breath | | |
9 total
» buildings
| Ziggurat | 12 | |
| Nerubian Tower | 4 | |
| Necropolis | 5 | |
| Crypt | 6 | |
| Graveyard | 2 | |
| Altar of Darkness | 2 | |
| Halls of the Dead | 2 | |
| Black Citadel | 2 | |
| Tomb of Relics | 1 | |
| Sacrificial Pit | 1 | |
| Slaughterhouse | 1 | |
| Barracks | 2 | |
| Farm | 6 | |
| Arcane Tower | 1 | |
| Boneyard | 2 | |
| Moon Well | 5 | |
| Ancient of Wind | 1 | |
| Chimaera Roost | 3 | |
58 total
» build order
00:33 Ziggurat
00:34 Ziggurat
00:35 Ziggurat
01:30 Nerubian Tower
01:31 Nerubian Tower
01:32 Nerubian Tower
01:32 Nerubian Tower
07:07 Necropolis
09:51 Necropolis
10:21 Crypt
10:24 Crypt
10:43 Graveyard
12:33 Crypt
12:55 Ziggurat
13:07 Ziggurat
13:43 Ziggurat
13:45 Necropolis
14:27 Altar of Darkness
14:55 Halls of the Dead
14:58 Necropolis
16:54 Altar of Darkness
16:57 Graveyard
16:59 Crypt
17:01 Crypt
17:02 Crypt
17:39 Black Citadel
20:28 Ziggurat
20:28 Ziggurat
20:29 Ziggurat
20:30 Ziggurat
21:17 Halls of the Dead
21:33 Necropolis
23:03 Tomb of Relics
23:05 Ziggurat
23:05 Ziggurat
23:50 Black Citadel
23:55 Sacrificial Pit
25:11 Slaughterhouse
25:46 Barracks
25:47 Farm
25:47 Farm
25:47 Farm
25:48 Farm
25:49 Farm
25:49 Farm
25:51 Arcane Tower
26:25 Barracks
26:44 Boneyard
26:45 Boneyard
29:44 Moon Well
29:44 Moon Well
29:45 Moon Well
35:34 Ancient of Wind
35:35 Chimaera Roost
35:35 Chimaera Roost
35:35 Chimaera Roost
36:32 Moon Well
36:33 Moon Well
» items
| Scroll of Town Portal | 2 | |
| Ivory Tower | 3 | |
| Scroll of Regeneration | 1 | |
| Orb of Corruption | 2 | |
| Rod of Necromancy | 1 | |
| Scroll of Healing | 2 | |
11 total
PHATdeATh (
teal | 21 APM | 858 actions | 41:44)
6 Keeper of the Grove
3 Thorns Aura
2 Force of Nature
1 Tranquility
» actions
| Build / train | 138 | |
| Enter build submenu | 25 | |
| Enter hero's abilities submenu | 6 | |
| Remove unit from queue | 7 | |
| Right click | 368 | |
| Select / deselect | 281 | |
| Use ability | 33 | |
858 total
» units
| Wisp | 20 | |
| Archer | 32 | |
| Dryad | 30 | |
| Knight | 1 | |
| Peasant | 2 | |
| Chimaera | 22 | |
107 total
» upgrades
| Strength of the Moon | 3 | |
| Moon Armor | 3 | |
| Improved Bows | 2 | |
| Marksmanship | 2 | |
| Corrosive Breath | 2 | |
12 total
» buildings
| Altar of Elders | 2 | |
| Moon Well | 13 | |
| Ancient of War | 2 | |
| Hunter's Hall | 1 | |
| Tree of Ages | 1 | |
| Tree of Eternity | 1 | |
| Ancient of Lore | 1 | |
| Ancient of Wind | 1 | |
| Chimaera Roost | 2 | |
| Tree of Life | 1 | |
25 total
» build order
00:29 Altar of Elders
00:52 Moon Well
01:19 Ancient of War
02:23 Moon Well
03:22 Hunter's Hall
04:14 Tree of Ages
06:39 Moon Well
07:10 Tree of Eternity
07:16 Moon Well
08:04 Ancient of Lore
12:02 Moon Well
13:52 Ancient of Wind
20:32 Chimaera Roost
20:37 Chimaera Roost
23:51 Moon Well
23:57 Moon Well
26:34 Moon Well
26:37 Moon Well
26:42 Moon Well
30:12 Tree of Life
35:02 Ancient of War
35:14 Moon Well
35:49 Altar of Elders
36:21 Moon Well
36:45 Moon Well
» items
team 2 (loser)
ZoePound (
pink | 41 APM | 671 actions | 16:25)
3 Blademaster
2 Wind Walk
1 Critical Strike
2 Shadow Hunter
1 Healing Wave
1 Hex
» actions
| Assign group hotkey | 24 | |
| Basic commands | 4 | |
| Build / train | 39 | |
| Enter build submenu | 17 | |
| Enter hero's abilities submenu | 6 | |
| Give item / drop item | 1 | |
| Right click | 371 | |
| Select / deselect | 131 | |
| Select group hotkey | 46 | |
| Use ability | 32 | |
671 total
» units
» upgrades
| Ranged Weapons | 2 | |
| Armor | 1 | |
| Envenomed Spears | 1 | |
| Reinforced Defenses | 1 | |
5 total
» buildings
| Altar of Storms | 1 | |
| Orc Burrow | 6 | |
| War Mill | 1 | |
| Stronghold | 1 | |
| Watch Tower | 5 | |
| Voodoo Lounge | 1 | |
| Beastiary | 3 | |
| Fortress | 1 | |
19 total
» build order
00:10 Altar of Storms
00:25 Orc Burrow
01:21 War Mill
02:35 Stronghold
02:42 Watch Tower
02:52 Watch Tower
03:53 Voodoo Lounge
04:01 Watch Tower
05:03 Beastiary
05:09 Beastiary
05:19 Beastiary
05:52 Orc Burrow
05:55 Orc Burrow
06:12 Orc Burrow
09:31 Fortress
09:34 Orc Burrow
11:18 Orc Burrow
13:33 Watch Tower
15:47 Watch Tower
» items
| Healing Salve | 1 | |
| Potion of Healing | 3 | |
| Orb of Lightning | 1 | |
5 total

»
Cowboy_dan (
green | 34 APM | 571 actions | 16:54)
1 Dreadlord
1 Sleep
» actions
| Assign group hotkey | 1 | |
| Basic commands | 7 | |
| Build / train | 11 | |
| Enter build submenu | 4 | |
| Enter hero's abilities submenu | 1 | |
| Right click | 365 | |
| Select / deselect | 101 | |
| Select group hotkey | 72 | |
| Use ability | 9 | |
571 total
» units
» buildings
| Ziggurat | 1 | |
| Altar of Darkness | 1 | |
| Crypt | 1 | |
| Nerubian Tower | 1 | |
4 total
» build order
00:13 Ziggurat
00:16 Altar of Darkness
00:49 Crypt
01:05 Nerubian Tower
» items
| Healing Salve | 1 | |
| Staff of Teleportation | 1 | |
2 total
nhiggaface (
yellow | 29 APM | 1179 actions | 40:53)
6 Beastmaster
2 Summon Hawk
3 Summon Bear
1 Stampede
5 Shadow Hunter
2 Healing Wave
2 Serpent Ward
1 Big Bad Voodoo
3 Blademaster
2 Critical Strike
1 Bladestorm
» actions
| Basic commands | 4 | |
| Build / train | 89 | |
| Enter build submenu | 26 | |
| Enter hero's abilities submenu | 14 | |
| Give item / drop item | 2 | |
| Remove unit from queue | 1 | |
| Right click | 474 | |
| Select / deselect | 493 | |
| Use ability | 76 | |
1179 total
» units
| Peasant | 8 | |
| Gryphon Rider | 18 | |
| Wind Rider | 19 | |
45 total
» upgrades
| Lumber Harvesting | 2 | |
| Swords | 3 | |
| Masonry | 3 | |
| Storm Hammers | 1 | |
| Armor | 2 | |
11 total
» buildings
| Farm | 12 | |
| Altar of Kings | 1 | |
| Keep | 1 | |
| Scout Tower | 5 | |
| Arcane Vault | 1 | |
| Lumber Mill | 1 | |
| Guard Tower | 6 | |
| Castle | 1 | |
| Gryphon Aviary | 2 | |
| Blacksmith | 1 | |
| Orc Burrow | 3 | |
34 total
» build order
00:18 Farm
00:29 Altar of Kings
01:13 Farm
01:51 Farm
02:28 Keep
02:34 Farm
03:24 Farm
03:28 Farm
04:01 Farm
04:17 Scout Tower
04:20 Scout Tower
04:46 Arcane Vault
05:02 Lumber Mill
05:59 Scout Tower
06:01 Scout Tower
06:12 Guard Tower
06:13 Castle
07:03 Gryphon Aviary
07:13 Guard Tower
07:43 Blacksmith
08:40 Gryphon Aviary
08:48 Guard Tower
09:17 Guard Tower
15:07 Farm
15:09 Guard Tower
16:07 Scout Tower
17:49 Farm
17:51 Guard Tower
18:31 Farm
19:22 Farm
21:38 Farm
25:06 Orc Burrow
25:06 Orc Burrow
25:07 Orc Burrow
» items
| Ivory Tower | 3 | |
| Scroll of Regeneration | 4 | |
| Scroll of Town Portal | 2 | |
9 total
Gurza (
blue | 27 APM | 1116 actions | 41:43)
8 Blood Mage
3 Flame Strike
2 Banish
1 Summon Phoenix
2 Siphon Mana
» actions
| Basic commands | 101 | |
| Build / train | 70 | |
| Enter build submenu | 34 | |
| Enter hero's abilities submenu | 8 | |
| Remove unit from queue | 5 | |
| Right click | 380 | |
| Select / deselect | 458 | |
| Use ability | 60 | |
1116 total
» units
| Peasant | 5 | |
| Footman | 5 | |
| Rifleman | 4 | |
| Knight | 17 | |
| Wind Rider | 2 | |
33 total
» upgrades
| Lumber Harvesting | 2 | |
| Long Rifles | 1 | |
| Gunpowder | 2 | |
| Armor | 1 | |
| Defend | 1 | |
| Animal War Training | 1 | |
| Swords | 3 | |
| Plating | 3 | |
14 total
» buildings
| Altar of Kings | 1 | |
| Farm | 16 | |
| Barracks | 2 | |
| Scout Tower | 6 | |
| Keep | 1 | |
| Blacksmith | 1 | |
| Lumber Mill | 1 | |
| Guard Tower | 1 | |
| Castle | 1 | |
30 total
» build order
01:27 Altar of Kings
01:38 Farm
02:22 Farm
02:28 Barracks
02:32 Barracks
03:06 Scout Tower
03:12 Farm
03:16 Farm
03:21 Farm
05:27 Farm
05:30 Scout Tower
05:37 Farm
06:14 Keep
06:25 Scout Tower
06:29 Scout Tower
07:09 Scout Tower
07:14 Scout Tower
07:40 Blacksmith
07:48 Lumber Mill
09:23 Guard Tower
09:34 Castle
09:46 Farm
10:39 Farm
11:17 Farm
13:59 Farm
19:57 Farm
21:14 Farm
21:52 Farm
22:35 Farm
23:26 Farm
Chat log
(00:09 / Allies) brucewillisusa: krazy undead rush
(00:19 / Allies) iamkirra: noo
(00:35 / Allies) PHATdeATh: aa
(01:24 / Allies) brucewillisusa: help
(02:15 / Allies) brucewillisusa: come all
(02:23 / All) nhiggaface: wow bruce willis, wow
(02:41 / Allies) iamkirra: tower rushed?????
(03:01 / Allies) iamkirra: were gonna die
(03:21 / Allies) brucewillisusa: orange wheres your altar buddy boyo
(03:46 / Allies) cameronreese: almost there
(03:57 / Allies) PHATdeATh: nice work red
(04:02 / Allies) cameronreese: making it now
(04:12 / Allies) iamkirra: NO ALTAR?????
(04:24 / Allies) brucewillisusa: charge!
(04:26 / Allies) brucewillisusa: charge the enemy!
(04:28 / Allies) brucewillisusa: be brave!
(04:30 / Allies) iamkirra: im being scouted
(05:15 / Allies) brucewillisusa: gold nad wood pls
(05:17 / Allies) brucewillisusa: so ic an rebuild
(05:26 / Allies) brucewillisusa: i need 500 gold and 220 wood
(05:33 / Allies) brucewillisusa: and theni will be forever loyal to you and your clan
(05:35 / Allies) iamkirra: why so specific
(05:40 / Allies) brucewillisusa: 220 for a mine
(05:44 / Allies) brucewillisusa: 500 is a ballpark figure
(05:54 / Allies) brucewillisusa: i guess i could try unsummoning my towers ;(
(06:37 / Allies) brucewillisusa: i need 80 wood
(06:40 / Allies) brucewillisusa: to get on my feet
(09:24 / Allies) iamkirra: lets goo
(10:14 / All) brucewillisusa: executed
(10:55 / Allies) brucewillisusa: anyone have aa
(11:01 / Allies) iamkirra: help
(11:02 / Allies) PHATdeATh: commin
(11:09 / Allies) iamkirra: 2 late
(11:09 / All) Cowboy_dan: blue has 2.3k gold 300 wood
(11:12 / All) Cowboy_dan: what a joke
(11:14 / Allies) brucewillisusa: anyoen have spare gold and wood?
(11:21 / All) brucewillisusa: prange has 2000 gold and 50 wood
(11:39 / Allies) iamkirra: NEED LUMBER
(11:40 / All) Cowboy_dan: were massing air btw
(11:42 / Allies) iamkirra: thx
(11:44 / All) Cowboy_dan: gryphons and wyvs
(11:50 / All) brucewillisusa: ty green
(11:53 / All) brucewillisusa: keep us informed
(11:55 / Allies) cameronreese: i gotta make some
(11:56 / Allies) iamkirra: need lumber
(12:19 / Allies) cameronreese: i got 25700 gold
(12:23 / Allies) cameronreese: 2700
(12:24 / All) Cowboy_dan: we have no expos yet
(12:30 / Allies) brucewillisusa: i have an expo
(12:33 / Allies) iamkirra: HELP
(12:35 / All) nhiggaface: bruce, you dont have an army? just a gold mine and town hall
(12:44 / All) brucewillisusa: didnt u see the start of game?
(12:50 / All) brucewillisusa: i unsummoned all to buy towers in greens base
(13:01 / Allies) PHATdeATh: lets hit
(13:05 / Allies) iamkirra: need lumber
(13:10 / All) nhiggaface: ya but i just checked your old base and his, all you have is a gold mine in his
(13:14 / Allies) iamkirra: 10?????
(13:15 / Allies) cameronreese: ty for lumber
(13:17 / All) brucewillisusa: then i unsummoned the towers
(13:20 / All) brucewillisusa: the make a gold mine
(13:21 / All) nhiggaface: are you just sending gold theyr way?
(13:27 / All) brucewillisusa: no im tryign to slowly recover
(14:03 / All) Cowboy_dan: blue is making rifles now
(14:14 / All) Cowboy_dan: foots and rifles
(14:19 / Allies) iamkirra: im making planes
(14:26 / Allies) cameronreese: im making air units atm
(14:35 / Allies) PHATdeATh: ready?
(14:39 / Allies) cameronreese: almost
(15:28 / Allies) iamkirra: need heals
(15:38 / All) Cowboy_dan: blue and yellow on their way
(15:41 / Allies) brucewillisusa: back theyre coming
(16:11 / Allies) brucewillisusa: get ready to tp to my base
(16:12 / Allies) brucewillisusa: if they hit me
(16:22 / All) ZoePound: fucking noob team
(16:37 / Allies) brucewillisusa: NEED AA HERE
(18:22 / Allies) brucewillisusa: I GETTING FIEND WEB NOW
(19:39 / Allies) cameronreese: how do i give up his army?to one of u guys?
(19:49 / Allies) brucewillisusa: HUH
(19:59 / Allies) cameronreese: i dont want purple
(20:01 / Allies) brucewillisusa: I HAVE CONTROL OF HIM
(20:03 / Allies) brucewillisusa: JSUT DONT USE HIM
(20:04 / Allies) brucewillisusa: I GOT IT
(20:09 / Allies) cameronreese: OK!!
(20:37 / Allies) brucewillisusa: COME
(20:52 / Allies) brucewillisusa: MEET
(20:53 / Allies) brucewillisusa: COME ELF
(21:23 / Allies) brucewillisusa: GO
(21:24 / Allies) brucewillisusa: GO
(21:36 / Allies) brucewillisusa: LETS DO MIDDLE
(21:38 / Allies) brucewillisusa: NEED HEALING FOUNT
(21:51 / Allies) brucewillisusa: COME
(21:54 / Allies) brucewillisusa: WHERE ARE YOU GOING CRHACKHEAD
(21:59 / All) nhiggaface: you done yet bruce?
(22:30 / All) nhiggaface: hey so my only teammate left, blue, has almost 5k gold, but wont give me any because, and i quote, "im a jud"
(22:51 / Allies) cameronreese: i got 6k...hehe
(24:52 / Allies) brucewillisusa: GOLD PLS
(25:55 / Allies) brucewillisusa: HEAL AT MIDDLE
(25:56 / Allies) brucewillisusa: AFTER U CREEP THAT
(26:52 / Allies) brucewillisusa: MEET
(27:27 / All) nhiggaface: send in knights first
(27:35 / Allies) brucewillisusa: THEY ARE HTITING AT TOP
(27:37 / Allies) brucewillisusa: GET READY TO FLANK
(27:40 / Allies) brucewillisusa: GOGOGOGOGOO
(27:49 / Allies) cameronreese: calm down
(28:09 / Allies) cameronreese: anyone want to help me take out pink??
(28:30 / All) brucewillisusa: WOW
(28:32 / All) brucewillisusa: THERE WAS A WHOLE OTHER ONE
(28:35 / All) brucewillisusa: THAT WASNT EVEN THERE
(28:40 / All) Gurza: 2x4
(28:41 / All) brucewillisusa: COMPLETELY FOERGOT ORANGE WAS EVEN IN THIS GMAE
(28:58 / Allies) cameronreese: but orange is awesome
(29:02 / Allies) brucewillisusa: ORANGE
(29:03 / Allies) brucewillisusa: FUCKING LEAVE
(29:05 / Allies) brucewillisusa: TRASH RETARD
(29:06 / Allies) cameronreese: my gold mine is almost out
(29:29 / Allies) cameronreese: forget u
(31:17 / Allies) PHATdeATh: come oj
(31:18 / Allies) brucewillisusa: YEAH I SEE BALL FUCKING LICHER NOOB
(34:37 / Allies) PHATdeATh: guys better attack before they rebuild
(34:41 / Allies) brucewillisusa: THEY HAVE NO GOLD
(34:43 / Allies) brucewillisusa: THANK FUCKIGN GOD
(35:48 / All) brucewillisusa: NEXT TIME TRY EXPOING
(36:11 / All) Gurza: 4x2
(36:15 / All) brucewillisusa: U HAD 4 BASES
(36:16 / All) brucewillisusa: I HAD 2
(36:17 / All) brucewillisusa: SO YEAH
(36:18 / All) brucewillisusa: 4X2
(38:59 / Allies) brucewillisusa: BRING UR ARMY
(39:43 / All) nhiggaface: ATTAACK
(40:09 / All) nhiggaface: attack knights
(40:13 / All) nhiggaface: bottom left
(40:14 / Allies) PHATdeATh: go
(40:24 / Allies) brucewillisusa: HWO ABOUT U DO SOMETHING
(40:25 / Allies) brucewillisusa: ON UR OWN
(40:30 / Allies) brucewillisusa: AFTER 15 MINTUS OF WATCHING A MOVIE
(40:50 / All) nhiggaface: k w/e blue, you can have these units, fuck this sucks
(40:55 / All) brucewillisusa: HAHAHA
(40:56 / All) brucewillisusa: RAOPED
(40:58 / Allies) PHATdeATh: rebuilt everything after you let me die
(41:02 / Allies) brucewillisusa: GREAT
(41:04 / Allies) brucewillisusa: GET RAPED ONCE
(41:08 / Allies) brucewillisusa: ADN REBUILD MORE XP TOMES FOR ENEMY
(41:09 / Allies) brucewillisusa: THANKS?
(41:19 / Allies) brucewillisusa: YEAH RUN
(41:21 / Allies) brucewillisusa: U CANT KILL SHIT
(41:23 / Allies) brucewillisusa: UR JUST HERE TO WATCH